 Dungeon Crawl Stone Soup version 0.30.1-3-gfc49f6343a (webtiles) character file.

Game seed: 17773386524066573085

179 croobank the Sneak (level 5, 0/37 HPs)
             Began as an Octopode Delver on July 27, 2023.
             Slain by a centaur (3 damage)
             ... on level 5 of the Dungeon.
             The game lasted 00:16:44 (643 turns).

croobank the Sneak (Octopode Delver)                 Turns: 643, Time: 00:16:44

Health: 0/37       AC:  1    Str: 11    XL:     5   Next: 59%
Magic:  5/5        EV: 14    Int: 14    God:
Gold:   10         SH:  0    Dex: 14    Spells: 4/4 levels left

rFire   . . .        a - +0 short sword
rCold   . . .        (no shield)
rNeg    . . .        (helmet restricted)
rPois   .            (no amulet)
rElec   .            (no ring)
rCorr   .            (no ring)
SInv    .            (no ring)
Will    .....        (no ring)
Stlth   +++++        (no ring)
HPRegen 0.26/turn    (no ring)
MPRegen 0.09/turn    (no ring)
                     (no ring)

%: no passive effects
@: no status effects
A: almost no armour, amphibious, 8 rings, camouflage 1, gelatinous body 1,
(nimble swimmer 1), tentacles
a: no special abilities


You were on level 5 of the Dungeon.
You visited 1 branch of the dungeon, and saw 2 of its levels.

You collected 10 gold pieces.

Inventory:

Hand Weapons
 a - a +0 short sword (weapon)
 g - the +6 long sword "Huteth" {heavy, rElec rCorr Str-5}
   (You found it on level 5 of the Dungeon)

   Str:       It affects your strength (-5).
   rElec:     It insulates you from electricity.
   rCorr:     It protects you from acid and corrosion.
 i - a +0 flail
Missiles
 j - a javelin (quivered)
Wands
 f - a wand of digging (2)
Scrolls
 b - a scroll of fog


   Skills:
 + Level 4.0 Fighting
 + Level 3.2 Short Blades
 + Level 3.2 Dodging
 + Level 7.6 Stealth


You had 4 spell levels left.
You didn't know any spells.
Your spell library was empty.

Dungeon Overview and Level Annotations

Branches:
Dungeon (6/15)             Temple (0/1) D:6

Altars:

Annotations:
D:5 Prince Ribbit


Innate Abilities, Weirdness & Mutations

You cannot wear most types of armour.
You are amphibious.
You can wear up to eight rings at the same time.
Your skin changes colour to match your surroundings (Stealth+).
Your rubbery body absorbs attacks. (AC +1, EV +1)
((You are camouflaged when in or above water. (Stealth+)))
You have tentacles for arms and can constrict up to eight enemies at once.


Message History

The arrow barely misses you.
The centaur unwields a +0 shortbow.
The centaur hits you. The centaur kicks you.
You hit the centaur but do no damage. You squeeze the centaur!
The centaur is moderately wounded.
The centaur misses you.
The centaur kicks you but does no damage.
The centaur misses you. The centaur closely misses you.
You barely miss the centaur.
The centaur is moderately wounded.
The centaur barely misses you. The centaur kicks you.
You barely miss the centaur.
The centaur is moderately wounded.
The centaur hits you. The centaur closely misses you.
You barely miss the centaur.
The centaur is moderately wounded.
The centaur hits you. The centaur closely misses you.
You barely miss the centaur. You squeeze the centaur.
The centaur is heavily wounded.
The centaur hits you!
* * * LOW HITPOINT WARNING * * *
The centaur misses you. The centaur hits you.
* * * LOW HITPOINT WARNING * * *
The centaur kicks you but does no damage.
A centaur is nearby!
You barely miss the centaur.
The centaur is heavily wounded.
The centaur barely misses you. The centaur kicks you.
* * * LOW HITPOINT WARNING * * *
You hit the centaur.
The centaur is severely wounded.
The centaur misses you. The centaur kicks you.
* * * LOW HITPOINT WARNING * * *
You barely miss the centaur.
The centaur is severely wounded.
The centaur closely misses you. x2
You hit the centaur.
The centaur is almost dead.
The centaur hits you.
You die...

............##..## ######
............##....###.#..##
..#########...............##
..# #........#.......# ..#
#...#...#........# ..#
###.#.#.##.....รท## ..#
#.......#....(.##


gS# #.............## ..# ###...@......### ?.# #.#.c........# ..# ###.#......###
... ...#....### .g.. #.......## ..... #.......# #..##...# #.. ###.# .. ..# You
could see a centaur.

Vanquished Creatures
  A phantom (D:6)
  A howler monkey (D:5)
  An orc priest (D:6)
  A sleepcap (D:6)
  An adder (D:5)
5 creatures vanquished.

Notes
Turn   | Place    | Note
-------+----------+-------------------------------------------
     0 | D:5      | croobank the Octopode Delver began the quest for the Orb.
     0 | D:5      | Reached XP level 1. HP: 16/16 MP: 1/1
    21 | D:5      | Noticed a howler monkey
    30 | D:5      | Killed a howler monkey
    31 | D:5      | Reached skill level 7 in Stealth
    31 | D:5      | Reached XP level 2. HP: 11/21 MP: 2/2
    31 | D:5      | Reached XP level 3. HP: 14/26 MP: 3/3
    84 | D:5      | Identified the +6 long sword "Huteth" {heavy, rElec rCorr
                  | Str-5}
   201 | D:6      | Reached XP level 4. HP: 29/31 MP: 4/4
   231 | D:6      | Found a staircase to the Ecumenical Temple.
   258 | D:6      | Noticed a phantom
   265 | D:6      | Noticed a black bear
   271 | D:6      | Noticed an ice beast
   303 | D:6      | Killed a phantom
   304 | D:6      | Reached XP level 5. HP: 15/37 MP: 5/5
   410 | D:6      | HP: 1/37 [orc priest/+0 hand axe (6)]
   510 | D:6      | Noticed a centaur
   566 | D:5      | Noticed a centaur
   568 | D:5      | Noticed Prince Ribbit
   643 | D:5      | Slain by a centaur

Illustrated notes

Levels and vault maps discovered:
D:5:      layout_cave_pools, nicolae_wu_jian_immortal_techniques,
          gammafunk_ghost_mausoleum, kennysheep_generic_room_2,
          uniq_prince_ribbit1
D:6:      cheibrodos_steamvent, layout_loops_ring, minmay_temple_entry_hall,
          uniq_crazy_yiuf_cottage

Skill      XL: |  1  2  3  4  5 |
---------------+----------------+-----
Stealth        | 7 |  7.6
Short Blades   | 3 |  3.2
Dodging        | 3 |  3.2
Fighting       | 4 |  4.0

Action                     |  1- 3 |  4- 6 || total
---------------------------+-------+-------++-------
  Melee: Short sword       |    11 |    30 ||    41
         Constrict         |     3 |     1 ||     4
         Tentacles         |     1 |     6 ||     7
  Throw: Javelin           |       |     3 ||     3
  Evoke: Wand              |       |     1 ||     1
    Use: Scroll            |       |     3 ||     3
         Potion            |       |     1 ||     1
   Stab: Sleeping          |     2 |     1 ||     3
 Armour: Skin              |     1 |     5 ||     6
  Dodge: Dodged            |     1 |    27 ||    28
